 Dungeon Crawl Stone Soup version 0.29-a0-887-gcbe080d7e0 (webtiles) character file.

Game seed: 2589760933977948714

74 SneepSnoop the Trooper (level 4, 0/61 HPs)
             Began as a Minotaur Berserker on July 21, 2022.
             Was a Believer of Trog.
             Slain by a gnoll
             ... wielding a +2 flail of protection
              (1 damage)
             ... on level 2 of the Dungeon.
             The game lasted 00:13:46 (1740 turns).

SneepSnoop the Trooper (Minotaur Berserker)         Turns: 1740, Time: 00:13:46

Health: 0/61       AC: 22    Str: 23    XL:     4   Next: 10%
Magic:  3/3        EV:  2    Int:  4    God:    Trog [**....]
Gold:   63         SH:  0    Dex: 10    Spells: 3/3 levels left

rFire   . . .      SeeInvis .   r - +4 mace (holy)
rCold   . . .      Faith    .   (no shield)
rNeg    . . .      Spirit   .   (body armour currently unavailable)
rPois   +          Reflect  .   (helmet currently unavailable)
rElec   .          Harm     .   (cloak currently unavailable)
rCorr   .          Rampage  .   (gloves currently unavailable)
Will    .....      NoTele   +   (boots currently unavailable)
Stlth   +.........              (no amulet)
HPRegen 0.20/turn               (no ring)
MPRegen 0.08/turn               (no ring)

@: tree-form
A: stationary, stasis, torment immunity, boosted hp, (horns 2), (retaliatory
headbutt)
a: Renounce Religion, Berserk, Trog's Hand


You were on level 2 of the Dungeon.
You worshipped Trog.
Trog was pleased with you.
You were a tree.
You visited 1 branch of the dungeon, and saw 2 of its levels.

You collected 63 gold pieces.

Inventory:

Hand Weapons
 a - a +0 hand axe
 f - a +1 vampiric short sword
 h - a +0 sling
 n - a +0 spear
 o - a +0 spear
 r - a +4 mace of holy wrath (weapon)
Missiles
 g - 14 stones (quivered)
 i - 5 poisoned darts
 l - 6 boomerangs
Armour
 b - a +0 animal skin (melded)
 j - a +0 leather armour
 k - a +0 leather armour
Scrolls
 c - a scroll of noise {unknown}
 e - a scroll of brand weapon {unknown}
 p - a scroll of magic mapping {unknown}
 s - a scroll of identify
 t - a scroll of teleportation {unknown}
 v - a scroll of immolation {unknown}
 w - a scroll of enchant weapon {unknown}
 x - a scroll of enchant armour {unknown}
Potions
 m - a potion of degeneration {unknown}
 q - a potion of heal wounds {unknown}
 u - a potion of curing {unknown}


   Skills:
 + Level 4.6 Fighting
 - Level 4.4(4.5) Axes
 + Level 0.8(2.9) Maces & Flails
 + Level 2.8 Armour
 + Level 2.8 Dodging


You had 3 spell levels left.
You didn't know any spells.
Your spell library was empty.

Dungeon Overview and Level Annotations

Branches:
Dungeon (2/15)

Altars:


Innate Abilities, Weirdness & Mutations

You are a tree.
Your roots penetrate the ground, keeping you stationary.
You cannot be teleported.
You are immune to unholy pain and torment.
Your maximum health is greatly increased.
Your equipment is partially melded.
((You have a pair of horns on your head.))
((You reflexively headbutt those who attack you in melee.))


Message History

The gnoll barely misses you. You furiously retaliate!
You headbutt the gnoll.
The gnoll shouts!
You sock the gnoll! You headbutt the gnoll.
You kill the gnoll!
Trog accepts your kill.
You have reached level 4!
You feel agile.
Press: ? - help, v - describe, . - travel The floor.
You closely miss the gnoll. Your headbutt misses the gnoll.
The gnoll hits you with a +2 flail of protection!
You barely miss the gnoll. You punch the gnoll, but do no damage.
The gnoll hits you with a +2 flail of protection. x2
The gnoll attacks as you move away! The gnoll barely misses you.
The gnoll attacks as you move away!
The gnoll hits you with a +2 flail of protection!
* * * LOW HITPOINT WARNING * * *
Okay, then.
As you read the scroll labelled UCROKI IPHYAFU, it crumbles to dust.
It is a scroll of identify.
d - a potion of lignification The gnoll hits you with a +2 flail of protection!
* * * LOW HITPOINT WARNING * * *
Really quaff the potion of lignification?
You turn into a tree.
Your +0 animal skin melds into your body.
Your roots penetrate the ground.
The gnoll hits you with a +2 flail of protection.
* * * LOW HITPOINT WARNING * * *
You thump the gnoll!
The gnoll is almost dead.
The gnoll hits you but does no damage.
You hit the gnoll but do no damage.
The gnoll is almost dead.
The gnoll hits you with a +2 flail of protection.
* * * LOW HITPOINT WARNING * * *
You closely miss the gnoll.
The gnoll is almost dead.
The gnoll hits you with a +2 flail of protection.
You die...

.)...............................
.................###..#.######...
.................# #....# #...
.................# ##..## #...
.................# #...######...
.................####........##.#
................).<))...........#
.................###.#.#.....).).
................♣#...#.#..###....
.................g.###.#.## #####
..................## #.#.#
...................###...#
...................##..###
...................#...# ####
.....................#.# ##...
##.####...#>....#...##.# ##...>
#.####.####..#....###.### #.....


You could see a gnoll.

Vanquished Creatures
  3 gnolls (D:2)
  A worm (D:2)
  A dart slug (D:1)
  5 endoplasms
  3 giant cockroaches
  7 goblins
  5 hobgoblins
  3 kobolds
  3 quokkas (D:1)
  A ball python (D:1)
  A bat (D:1)
  2 frilled lizards
  2 rats (D:2)
37 creatures vanquished.

Notes
Turn   | Place    | Note
-------+----------+-------------------------------------------
     0 | D:1      | SneepSnoop the Minotaur Berserker began the quest for the
                  | Orb.
     0 | D:1      | Reached XP level 1. HP: 19/19 MP: 0/0
   224 | D:1      | Reached XP level 2. HP: 27/27 MP: 1/1
   910 | D:1      | Found a faded altar of an unknown god.
  1057 | D:1      | Reached XP level 3. HP: 30/33 MP: 2/2
  1277 | D:2      | Reached ** piety under Trog
  1726 | D:2      | Reached XP level 4. HP: 41/41 MP: 3/3
  1739 | D:2      | HP: 1/61 [gnoll/+2 flail of protection (4)]
  1740 | D:2      | Slain by a gnoll

Illustrated notes

Levels and vault maps discovered:
D:1:      minmay_arrival_wavy_path, layout_loops_ring,
          dreamdust_ecumenical_altar_hidden_monk_grotto,
          amcnicky_mini_corridor_feature, grunt_decor_resistance,
          supply_closet_lemuel
D:2:      layout_rooms, wad_floor_pattern_1

Skill      XL: |  1  2 |
---------------+-------+-----
Fighting       | 4 |  4.6
Axes           | 4 |  4.4
Maces & Flails | |  0.8
Armour         | |  2.8
Dodging        | |  2.8

Action                   |  1- 3 |  4- 6 || total
-------------------------+-------+-------++-------
Melee: Hand axe          |    66 |       ||    66
       Headbutt          |    14 |       ||    14
       Punch             |     1 |     1 ||     2
       Mace              |    23 |     5 ||    28
  Use: Scroll            |       |     1 ||     1
       Potion            |       |     1 ||     1
Armor: Animal skin       |     8 |       ||     8
       Skin              |       |     1 ||     1
Dodge: Dodged            |    46 |     1 ||    47

Table legend: (Time is in decaauts)
 A = Elapsed time spent in this place.
 B = Non-inter-level travel time spent in this place.
 C = Inter-level travel time spent in this place.
 D = Time resting spent in this place.
 E = Time spent auto-exploring this place.
 F = Levels seen in this place.
 G = Mean time per level.
                   A        B        C        D        E       F      G
               +--------+--------+--------+--------+--------+-----+--------+
         Total |   1754 |   1733 |     21 |    470 |    596 |   2 |  877.0 |
       Dungeon |   1754 |   1733 |     21 |    470 |    596 |   2 |  877.0 |
               +--------+--------+--------+--------+--------+-----+--------+

Top non-repeatable levels by time:
     D:1: 1116 daAuts
     D:2: 638 daAuts
